 Dungeon Crawl Stone Soup version 0.30-a0-737-gf23d94013f (webtiles) character file.

Game seed: 16698188681027699117

878216 HoaS the Conqueror (level 27, -9/199 HPs)
             Began as a Gargoyle Hunter on Jan 31, 2023.
             Was the Champion of Zin.
             Mangled by Antaeus
             ... wielding a +6 falchion of venom
              (13 damage)
             ... on level 7 of Cocytus on Feb 2, 2023.
             The game lasted 03:38:19 (76431 turns).

HoaS the Conqueror (Gargoyle Hunter)               Turns: 76431, Time: 03:38:20

Health: -9/199     AC: 53    Str: 30    XL:     27
Magic:  48/48      EV: 50    Int: 21    God:    Zin [******]
Gold:   10769      SH:  0    Dex: 36    Spells: 26/26 levels left

rFire   + . .      SeeInvis +    z - +8 longbow "Zephyr" {speed, Dex+3 SInv}
rCold   + + .      Faith    .    (shield currently unavailable)
rNeg    + . .      Spirit   .    B - +5 steam dragon scales
rPois   ∞          Reflect  .    D - +1 helmet of Hubris {rF+ rCorr MP+9 Str+4}
rElec   +          Harm     .    m - +2 cloak "Sas Siqodumm" {rPois Int+2 Dex+2}
rCorr   +          Rampage  .    a - +3 pair of gauntlets of War {Slay+5}
Will    ++...                    y - +2 pair of boots
Stlth   +++++++                  g - amulet of regeneration
HPRegen 1.33/turn                k - ring of protection from cold
MPRegen 0.31/turn                c - ring of protection from cold

@: vitalised, frozen, flying, studying 3 skills, unable to drink, very slow
A: sickness immunity, AC +20, big wings, negative energy resistance 1,
electricity resistance, torment resistance 1, petrification resistance
}: 6/15 runes: serpentine, barnacled, silver, iron, obsidian, abyssal
a: Renounce Religion, Recite, Vitalisation, Imprison, Sanctuary, Donate Gold


You were on level 7 of Cocytus.
You worshipped Zin.
Zin was exalted by your worship.
You visited 15 branches of the dungeon, and saw 73 of its levels.
You visited the Abyss 1 time.
You also visited: Sewer, Ossuary, Bailey and Gauntlet.

You collected 13564 gold pieces.
You spent 2554 gold pieces at shops.
You donated 241 gold pieces to Zin.

Inventory:

Hand Weapons
 z - the +8 longbow "Zephyr" (weapon) {speed, Dex+3 SInv}
   (You acquired it on level 1 of the Lair of Beasts)

   Dex:       It affects your dexterity (+3).
   SInv:      It lets you see invisible.
Armour
 a - the +3 pair of gauntlets of War (worn) {Slay+5}
   (You acquired it on level 9 of the Dungeon)

   Slay:      It affects your accuracy & damage with ranged weapons and melee
   (+5).
 m - the +2 cloak "Sas Siqodumm" (worn) {rPois Int+2 Dex+2}
   (You acquired it on level 5 of the Realm of Zot)

   Int:       It affects your intelligence (+2).
   Dex:       It affects your dexterity (+2).
   rPois:     It protects you from poison.
 y - a +2 pair of boots (worn)
 B - +5 steam dragon scales (worn)
 D - the +1 helmet of Hubris (worn) {rF+ rCorr MP+9 Str+4}
   (You found it in a Gauntlet)

   Str:       It affects your strength (+4).
   rF:        It protects you from fire.
   MP:        It affects your magic capacity (+9).
   rCorr:     It protects you from acid and corrosion.
Jewellery
 c - a ring of protection from cold (right hand)
 e - a ring of positive energy
 g - an amulet of regeneration (around neck)
 h - a +6 ring of dexterity
 k - a ring of protection from cold (left hand)
 l - a +6 ring of dexterity
 p - a +6 ring of dexterity
 s - a ring of willpower
 u - a ring of positive energy
 C - a ring of willpower
Scrolls
 b - 17 scrolls of immolation
 f - 28 scrolls of teleportation
 i - 19 scrolls of blinking
 j - 19 scrolls of vulnerability
 v - 7 scrolls of poison
 A - 5 scrolls of enchant armour
 E - 6 scrolls of magic mapping
 H - 2 scrolls of brand weapon
 I - a scroll of summoning
 J - 14 scrolls of enchant weapon
 K - 5 scrolls of silence
 L - 9 scrolls of fog
 M - 15 scrolls of fear
Potions
 d - 6 potions of cancellation
 n - 3 potions of invisibility
 o - 18 potions of attraction
 q - 4 potions of resistance
 r - 37 potions of curing
 t - 4 potions of ambrosia
 w - 12 potions of haste
 x - 9 potions of mutation
 F - a potion of heal wounds


   Skills:
 O Level 27 Fighting
 O Level 27 Ranged Weapons
 O Level 27 Armour
 O Level 27 Dodging
 + Level 14.1 Stealth
 * Level 24.4 Invocations


You had 26 spell levels left.
You didn't know any spells.
Your spell library contained the following spells:

 Spells                   Type           Power      Damage    Failure   Level
 Freeze                   Ice            0%         1d3       19%         1
 Magic Dart               Conj           0%         1d3       19%         1
 Sandblast                Erth           0%         2d4       19%         1
 Shock                    Conj/Air       0%         1d3       19%         1
 Blink                    Tloc           0%         N/A       26%         2
 Ensorcelled Hibernation  Hex/Ice        0%         N/A       26%         2
 Lesser Beckoning         Tloc           0%         N/A       26%         2
 Momentum Strike          Conj/Tloc      0%         3d8       26%         2
 Passwall                 Tmut/Erth      0%         N/A       26%         2
 Scorch                   Fire           0%         2d5       26%         2
 Searing Ray              Conj           0%         2d4       26%         2
 Wereblood                Tmut           0%         N/A       26%         2
 Call Canine Familiar     Summ           0%         N/A       47%         3
 Dazzling Flash           Conj/Hex       0%         N/A       47%         3
 Frozen Ramparts          Ice            0%         1d1       47%         3
 Gell's Gravitas          Tloc           0%         N/A       47%         3
 Hailstorm                Conj/Ice       0%         3d3       47%         3
 Ignite Poison            Fire/Tmut/Pois 0%         N/A       47%         3
 Inner Flame              Hex/Fire       0%         N/A       47%         3
 Kindle Blastsparks       Fire/Tloc/Air  0%         2d10      47%         3
 Portal Projectile        Hex/Tloc       0%         N/A       47%         3
 Spider Form              Tmut/Pois      0%         N/A       47%         3
 Stone Arrow              Conj/Erth      0%         3d7       47%         3
 Summon Guardian Golem    Hex/Summ       0%         N/A       47%         3
 Swiftness                Air            0%         N/A       47%         3
 Teleport Other           Tloc           0%         N/A       47%         3
 Tukima's Dance           Hex            0%         N/A       47%         3
 Anguish                  Hex/Necr       0%         N/A       87%         4
 Animate Armour           Summ/Erth      0%         N/A       87%         4
 Cause Fear               Hex            0%         N/A       87%         4
 Flame Wave               Conj/Fire      0%         2d4       87%         4
 Fulminant Prism          Conj/Hex       0%         3d5       87%         4
 Iskenderun's Mystic Bla  Conj/Tloc      0%         2d3       87%         4
 Leda's Liquefaction      Hex/Erth       0%         N/A       87%         4
 Manifold Assault         Tloc           0%         N/A       87%         4
 Olgreb's Toxic Radiance  Pois           0%         N/A       87%         4
 Passage of Golubria      Tloc           0%         N/A       87%         4
 Petrify                  Tmut/Erth      0%         N/A       87%         4
 Sticky Flame             Conj/Fire      0%         2d3       87%         4
 Summon Ice Beast         Ice/Summ       0%         N/A       87%         4
 Summon Lightning Spire   Summ/Air       0%         N/A       87%         4
 Borgnjor's Vile Clutch   Necr/Erth      0%         N/A       99%         5
 Fireball                 Conj/Fire      0%         3d3       99%         5
 Freezing Cloud           Conj/Ice/Air   0%         6-21      99%         5
 Irradiate                Conj/Tmut      0%         3d11      99%         5
 Iskenderun's Battlesphe  Conj           0%         2d6       99%         5
 Metabolic Englaciation   Hex/Ice        0%         N/A       99%         5
 Summon Forest            Summ/Tloc      0%         N/A       99%         5
 Summon Mana Viper        Hex/Summ       0%         N/A       99%         5
 Yara's Violent Unravell  Hex/Tmut       0%         3d3       99%         5
 Conjure Ball Lightning   Conj/Air       0%         3x3d6     100%        6
 Dispersal                Tloc           0%         N/A       100%        6
 Simulacrum               Ice/Necr       0%         N/A       100%        6
 Starburst                Conj/Fire      0%         6d3       100%        6
 Summon Cactus Giant      Summ           0%         N/A       100%        6
 Orb of Destruction       Conj           0%         9d5       100%        7
 Ozocubu's Refrigeration  Ice            0%         4d7       100%        7
 Spellforged Servitor     Conj/Summ      0%         N/A       100%        7
 Storm Form               Tmut/Air       0%         N/A       100%        7
 Summon Hydra             Summ           0%         N/A       100%        7
 Discord                  Hex            0%         N/A       100%        8
 Disjunction              Tloc           0%         N/A       100%        8
 Ignition                 Fire           0%         3d3       100%        8
 Lehudib's Crystal Spear  Conj/Erth      0%         10d2      100%        8
 Maxwell's Capacitive Co  Air            0%         ∞         100%        8
 Necromutation            Tmut/Necr      0%         N/A       100%        8
 Chain Lightning          Conj/Air       0%         N/A       100%        9
 Fire Storm               Conj/Fire      0%         5d1       100%        9
 Shatter                  Erth           0%         3d5*      100%        9
 Cigotuvi's Dreadful Rot  Necr/Pois/Air  Unusable   N/A       N/A         2
 Sublimation of Blood     Necr           Unusable   N/A       N/A         2
 Statue Form              Tmut/Erth      Unusable   N/A       N/A         6

Dungeon Overview and Level Annotations

Branches:
Dungeon (15/15)            Temple (1/1) D:5            Lair (5/5) D:10
 Shoals (4/4) Lair:3        Snake (4/4) Lair:2        Slime (0/5) Lair:4
    Orc (2/2) D:10            Elf (3/3) Orc:2        Vaults (5/5) D:14
  Crypt (3/3) Vaults:2       Tomb (0/3) Crypt:3      Depths (4/4) D:15
   Hell (visited)             Dis (7/7) Hell            Geh (7/7) Hell
    Coc (7/7) Hell            Tar (0/7) Hell            Zot (5/5) Depths:4
  Sewer (visited)         Ossuary (visited)          Bailey (visited)
Gauntlet (visited)

Altars:
Cheibriados
Dithmenos
Fedhas
Gozag
Kikubaaqudgha
Makhleb
Okawaru
Qazlal
Ru
Trog
Uskayaw
Vehumet
Xom
Zin
The Shining One
Jiyva

Shops:
D:5 =   Orc:1 :   Orc:2 =(!=   Elf:1 !*[   Elf:2 *   Shoals:2 *   Shoals:3 *
Shoals:4 *   Snake:1 ([?   Snake:3 *   Vaults:2 *   Vaults:3 :   Depths:4 [

Portals:
Hell: Depths:1 Depths:2 Depths:3 Depths:4
Abyss: Depths:3 Depths:4
Pandemonium: Depths:2
Ziggurat: Depths:4

Annotations:
Coc:7 Antaeus
Zot:2 2 transporters


Innate Abilities, Weirdness & Mutations

You are immune to sickness and miasma.
Your stone body is resilient. (AC +20)
You are immune to poison.
Your large and strong wings let you fly.
You resist negative energy. (rN+)
You are resistant to electric shocks. (rElec)
You are resistant to unholy torment.
You are immune to petrification.


Message History

Antaeus is severely wounded.
You shoot an arrow.
The arrow hits Antaeus but does no damage.
Antaeus is severely wounded.
Antaeus completely misses you. x2
You shoot an arrow. The arrow hits Antaeus!
Antaeus is severely wounded.
The Ice Fiend gestures at you. The bolt of cold misses you.
You shoot an arrow.
The arrow hits Antaeus but does no damage.
Antaeus is severely wounded.
Antaeus gestures at you. The bolt of lightning hits you! You resist.
* * * LOW HITPOINT WARNING * * *
The bolt of lightning misses you.
The bolt of lightning hits Antaeus.
Antaeus completely resists.
You hear a screech!
You shoot an arrow. The arrow hits Antaeus.
Antaeus is severely wounded.
You shoot an arrow. The arrow hits Antaeus.
Antaeus is severely wounded.
The Ice Fiend completely misses you.
The Ice Fiend claws you but does no damage.
Antaeus hits you but does no damage.
Your divine stamina protects you from poison!
Antaeus hits you with a +6 falchion of venom.
* * * LOW HITPOINT WARNING * * *
Antaeus freezes you! You resist.
* * * LOW HITPOINT WARNING * * *
Your divine stamina protects you from poison!
You shoot an arrow. The arrow hits Antaeus!!
Antaeus is almost dead.
You shoot an arrow. The arrow hits Antaeus!!
Antaeus is almost dead.
You shoot an arrow. The arrow hits Antaeus!
Antaeus is almost dead.
Antaeus barely misses you.
Antaeus hits you with a +6 falchion of venom!
You die...

..## *,,*,,**####****##...≈
.##**** *###.##*** ****,,**#...≈
##**,,***......##*###,,,,,,*##..≈
# *,,,,,,,#.....##..,,*,,,,* #..≈
*,,,,****#.......#****,,** #..≈
**,,** *#......## **** #..≈
###**** #.......## #..≈ ..######
*#.C1....#****** #..≈ .......###
#..@.#*,,,**,,**#..≈
.........#####...##***,,,,,,*#..≈
≈..........##..#.## ***,,,,*#..≈
≈..........#..##..# **,,**#..≈
≈≈.........#.###..######**** #..≈
≈≈...........# ##...#.[## #..≈
≈≈≈≈.........#####...=..# ##..≈
≈≈≈≈...........#####....# ###...≈
≈≈≈≈≈...........## ##).## #.....≈


You could see Antaeus (fast) and an Ice Fiend.

Vanquished Creatures
  Asmodeus (Geh:7)
  The ghost of PigKeeper the Ruinous, a legendary TeRe of Vehumet (Zot:5)
  the Serpent of Hell (Coc:7)
  8 orbs of fire
  Dispater (Dis:7)
  A dread lich (Vaults:4)
  Mennas (Crypt:3)
  The ghost of Rarotz the Sorcerer, a legendary DjCj of Ashenzari (Zot:2)
  8 ancient liches
  Mara (Snake:4)
  2 juggernauts
  3 Killer Klowns (Zot:5)
  25 shard shrikes
  Vashnia (Snake:4)
  29 caustic shrikes
  A curse toe (Zot:5)
  Geryon (Hell)
  16 golden dragons
  Nikola (Elf:2)
  the Enchantress (Depths:1)
  9 Brimstone Fiends
  A bone dragon (Abyss:3)
  7 electric golems
  11 iron giants
  18 hellephants
  The ghost of Fitracw Zoogg the Severer, an adept NaWn of Ru (Shoals:1)
  26 Hell Sentinels
  2 walking crystal tomes
  25 Orb Guardians (Zot:5)
  21 Ice Fiends
  17 liches
  Mlioglotl (Snake:3)
  Zenata (Vaults:4)
  A deep elf master archer (Elf:3)
  18 tentacled monstrosities
  2 walking earthen tomes
  3 deep elf blademasters (Elf:3)
  7 quicksilver dragons
  Murray (Hell)
  18 titans
  2 acid blobs (Zot:2)
  6 death cobs
  19 searing wretches
  11 sphinxes
  5 tentacled starspawn
  21 ancient champions
  A kraken (Shoals:1)
  Agnes (Elf:1)
  Polyphemus (Shoals:4)
  12 shadow dragons
  Kirke (Snake:4)
  7 tengu reavers
  21 storm dragons
  Roxanne (Snake:1)
  4 revenants (Crypt:1)
  A rockslime (Zot:2)
  3 nagarajas
  3 draconian knights
  20 narguns
  3 draconian monks
  5 azure jellies
  14 frost giants
  9 deep elf sorcerers
  7 iron dragons
  17 balrugs
  15 quicksilver elementals
  18 vault wardens
  28 fire giants
  An iron dragon (shapeshifter) (Vaults:5)
  8 draconian shifters
  Louise (Snake:4)
  7 ghouls
  11 draconian scorchers
  6 draconian annihilators
  4 ghost moths
  8 reapers
  33 war gargoyles
  6 spriggan defenders
  3 orc warlords
  5 deep elf elementalists
  6 shard shrike simulacra
  17 stone giants
  3 draconian stormcallers
  3 juggernaut skeletons (Depths:2)
  5 curse skulls
  28 elemental wellsprings
  30 ironbound preservers
  42 very ugly things
  2 quicksilver oozes (Zot:2)
  A cacodemon (Zot:5)
  10 black draconians
  16 vampire knights
  8 deep elf demonologists (Elf:3)
  11 green draconians
  5 ironbound thunderhulks
  15 dire elephants
  5 yellow draconians
  6 starcursed masses
  A minotaur (Gauntlet)
  A lorocyproca (Abyss:3)
  9 purple draconians
  4 red draconians
  15 deep elf annihilators
  19 wendigos
  15 white draconians
  17 iron golems
  5 spark wasps
  8 ettins
  14 deep elf death magi
  8 merfolk impalers
  12 fire dragons
  3 blizzard demons
  6 eidola
  5 merfolk javelineers (Shoals:4)
  10 deep elf high priests
  9 jiangshi
  A fire dragon (shapeshifter) (Abyss:3)
  2 crystal guardians
  2 mummy priests (Crypt:1)
  8 ice dragons
  15 yaktaur captains
  2 entropy weavers
  2 kraken zombies (Hell)
  A rakshasa (Depths:1)
  10 salamander tyrants
  3 great orbs of eyes
  4 ogre magi
  4 peacekeepers
  9 hydras
  5 merfolk avatars
  A spriggan zombie (Crypt:1)
  4 juggernaut simulacra
  13 caustic shrike simulacra
  9 spriggan air magi
  40 vault guards
  6 anacondas
  3 hell beasts
  2 catoblepae
  An alligator snapping turtle (Shoals:4)
  9 boulder beetles
  4 two-headed ogres
  An alligator (shapeshifter) (Vaults:5)
  19 centaur warriors
  12 ironbound frosthearts
  7 stokers
  10 naga warriors
  3 merfolk aquamancers
  A death scarab (Depths:1)
  A satyr (Shoals:3)
  22 tengu warriors
  4 death yaks
  42 hell hogs
  6 deep troll shamans (Depths:1)
  8 vampire magi
  4 death knights
  28 dancing weapons
  13 spriggan berserkers
  7 thrashing horrors
  4 orc high priests (Orc:2)
  Sonja (Lair:2)
  8 shock serpents
  18 sun demons
  15 naga sharpshooters
  12 crystal echidnas
  6 soul eaters
  9 hell knights
  28 deep elf knights
  A spectral death yak (Lair:5)
  4 titan skeletons
  5 shadow wraiths
  3 wretched stars
  A goliath frog (shapeshifter) (Depths:1)
  2 golden dragon zombies
  A sixfirhy (Abyss:3)
  The ghost of mrw0lf the Destroyer, a novice DsCj of Gozag (D:7)
  22 skeletal warriors
  8 salamander mystics
  8 spriggans
  11 sea snakes
  A sea snake (shapeshifter) (Vaults:3)
  6 glowing orange brains
  8 iron trolls
  A bunyip zombie (Crypt:1)
  11 flayed ghosts
  A spectral anaconda (Lair:5)
  A spark wasp zombie (Depths:2)
  7 quicksilver dragon simulacra
  8 naga ritualists
  77 deep trolls
  An orb spider (shapeshifter) (Vaults:5)
  21 deep elf archers
  2 orb spiders (Zot:3)
  3 bunyip skeletons
  14 orc knights
  10 lindwurms
  5 wizards
  24 harpies
  An obsidian statue (Lair:5)
  13 phantasmal warriors
  A lindwurm (shapeshifter) (Vaults:2)
  2 golden dragon skeletons
  5 spriggan simulacra
  2 sphinx zombies
  20 ironbound convokers
  A bog body (Crypt:2)
  An anaconda skeleton (Crypt:1)
  12 mana vipers
  A shadow dragon skeleton (Depths:2)
  42 deep elf zephyrmancers
  13 necromancers
  A frost giant zombie (Vaults:1)
  A stone giant zombie (Depths:2)
  42 deep elf pyromancers
  3 cyclopes (shapeshifter)
  5 orc sorcerers
  16 salamanders
  42 ugly things
  20 manticores
  2 dire elephant zombies
  A fire giant zombie (Depths:2)
  5 water nymphs
  An iron dragon skeleton (Crypt:3)
  3 stone giant skeletons
  10 cyclopes
  6 fauns
  3 rust devils (Hell)
  A fire giant skeleton (Depths:2)
  3 ice statues
  4 molten gargoyles (Hell)
  16 moths of wrath
  34 black mambas
  4 merfolk sirens
  A torpor snail (Lair:5)
  11 naga magi
  A frost giant skeleton (Depths:2)
  20 elephants
  A water nymph (shapeshifter) (Abyss:3)
  24 vault sentinels
  4 guardian serpents
  10 smoke demons
  An elf skeleton (Vaults:1)
  10 cane toads
  2 orange demons
  6 eyes of devastation
  A centaur skeleton (Hell)
  2 black mambas (shapeshifter)
  4 titan simulacra
  3 unseen horrors
  23 hellions
  2 yaktaur zombies
  3 rime drakes
  A green draconian zombie (Crypt:2)
  2 ice devils (Lair:2)
  A naga skeleton (Crypt:1)
  A minotaur zombie (Crypt:2)
  2 efreet (Abyss:3)
  17 tormentors
  2 storm dragon simulacra
  6 tengu conjurers
  An alligator snapping turtle skeleton (Crypt:1)
  9 anaconda simulacra
  21 freezing wraiths
  A kobold demonologist (Depths:4)
  37 yaktaurs
  4 hydra zombies (Hell)
  5 guardian mummies (Crypt:3)
  2 ancient zymes (Abyss:3)
  2 golden dragon simulacra
  An iron giant simulacrum (Coc:5)
  27 merfolk
  A hellwing (Depths:2)
  11 hornets
  A troll (shapeshifter) (Vaults:2)
  A red devil (Hell)
  A merfolk (shapeshifter) (Elf:1)
  A queen bee (shapeshifter) (Vaults:5)
  2 shadow dragon simulacra
  A tengu simulacrum (Vaults:1)
  10 trolls
  A wolf spider simulacrum (D:14)
  2 hydra skeletons
  2 raiju
  A hornet (shapeshifter) (Vaults:2)
  A tarantella (Zot:3)
  6 dream sheep (Lair:5)
  A guardian serpent zombie (Crypt:3)
  2 spectral elephants (Lair:5)
  A frost giant simulacrum (Vaults:1)
  7 wind drakes
  A blink frog (shapeshifter) (D:15)
  2 iron dragon simulacra
  A harpy skeleton (Crypt:1)
  A human simulacrum (Vaults:1)
  14 blink frogs
  A culicivora zombie (Crypt:1)
  A jumping spider (shapeshifter) (D:14)
  11 large abominations
  10 snapping turtles
  A snapping turtle (shapeshifter) (Abyss:3)
  4 jumping spiders
  3 alligator zombies
  2 centaur simulacra
  3 stone giant simulacra
  5 shadows
  30 slime creatures
  3 air elementals
  A slime creature (shapeshifter) (Abyss:3)
  3 wraiths
  3 fire bats (Abyss:3)
  2 spriggan skeletons (Depths:2)
  54 yaks
  8 flying skulls
  A spriggan (shapeshifter) (Vaults:5)
  6 dire elephant simulacra
  2 vampires
  24 water elementals
  2 ynoxinuls
  2 fire elementals
  7 wyverns
  A culicivora (Vaults:2)
  A golden eye (Abyss:3)
  7 hogs (Snake:4)
  A golden eye (shapeshifter) (Depths:4)
  2 basilisks
  Grum (D:7)
  4 vampire mosquitoes
  5 redbacks
  3 steam dragons
  A sea snake simulacrum (Hell)
  8 chaos spawn
  2 death yak simulacra (Lair:5)
  16 harpy simulacra
  2 neqoxecs
  A spectral cane toad (Lair:5)
  A hydra simulacrum (Coc:4)
  8 hell hounds
  2 swamp worms (Gauntlet)
  An acid dragon (D:13)
  8 wargs
  45 nagas
  13 water moccasins
  A floating eye (shapeshifter) (Vaults:5)
  2 glowing shapeshifter skeletons
  3 ice beasts
  3 floating eyes
  An elephant zombie (Lair:5)
  40 orc warriors
  A black bear (shapeshifter) (Abyss:3)
  A swamp drake (Abyss:3)
  A black mamba simulacrum (Crypt:1)
  49 wolves
  10 ogres
  A boggart (Vaults:1)
  11 ettin simulacra
  5 black bears
  A lindwurm skeleton (Crypt:1)
  A centaur (D:13)
  3 phantoms
  8 kobold brigands
  A human zombie (Vaults:1)
  12 bullfrogs
  4 necrophages
  3 scorpions
  4 gnoll sergeants
  2 wyvern zombies (Ossuary)
  A glowing shapeshifter simulacrum (Vaults:1)
  A cane toad simulacrum (Lair:5)
  3 earth elementals
  3 naga simulacra
  2 small abominations
  3 water moccasin zombies (Ossuary)
  A wyvern skeleton (Crypt:1)
  3 wights (D:7)
  A shapeshifter zombie (Crypt:3)
  3 troll zombies (D:10)
  A queen bee zombie (Crypt:1)
  A water moccasin skeleton (Crypt:2)
  A shapeshifter skeleton (Crypt:3)
  2 warg skeletons (Crypt:1)
  16 electric eels
  3 howler monkeys
  3 bullfrog zombies (Ossuary)
  2 quasits (Abyss:3)
  7 centaur zombies
  3 jellies
  27 orc priests
  A wolf skeleton (Crypt:1)
  2 gnoll boudas
  2 hounds
  4 iguanas
  2 iron imps (Abyss:3)
  25 orc wizards
  9 hell rats
  3 killer bee zombies (Ossuary)
  5 ogre zombies (D:10)
  A hound zombie (Crypt:3)
  An ogre skeleton (Crypt:2)
  19 mummies
  6 adders
  28 gnolls
  2 river rats (Sewer)
  A swamp drake zombie (Crypt:3)
  2 shadow imps
  4 white imps
  3 ufetubi
  A lava snake zombie (Crypt:2)
  2 worms
  A dart slug (D:1)
  88 orcs
  6 ball pythons
  2 endoplasms
  6 giant cockroaches
  25 goblins
  12 hobgoblins
  33 kobolds
  7 quokkas
  2 bats
  A frilled lizard (D:2)
  2 goblin skeletons (D:10)
  A hobgoblin skeleton (D:10)
  A hobgoblin zombie (D:10)
  3 orc skeletons (D:10)
  18 orc zombies (D:10)
  12 rats
  6 creeping infernos
  35 fire vortices
  A plant (D:11)
  2 starspawn tentacles (Abyss:3)
  7 tentacles
  A withered plant (Lair:5)
3386 creatures vanquished.

Vanquished Creatures (others)
  A lich (Vaults:5)
  A shadow dragon (Zot:5)
  A shard shrike simulacrum (Coc:6)
  A draconian shifter (Zot:5)
  A stone giant (Vaults:5)
  An ettin (Vaults:5)
  A caustic shrike simulacrum (Coc:1)
  A stoker (Geh:7)
  A juggernaut simulacrum (Coc:7)
  2 quicksilver dragon simulacra
  A spriggan simulacrum (Coc:1)
  A moth of wrath (Zot:5)
  A titan simulacrum (Coc:3)
  An anaconda simulacrum (Coc:2)
  A tormentor (Geh:1)
  An iron giant simulacrum (Coc:7)
  A centaur simulacrum (Coc:2)
  A dire elephant simulacrum (Coc:1)
  2 fire bats (Abyss:3)
  A harpy simulacrum (Coc:1)
  An ettin simulacrum (Coc:1)
  A bush (D:10)
  14 demonic plants (Gauntlet)
  17 fungi
  85 plants
  2 starspawn tentacles (Abyss:3)
  9 tentacles
  25 withered plants
176 creatures vanquished.

Grand Total: 3562 creatures vanquished

Notes
Turn   | Place    | Note
-------+----------+-------------------------------------------
     0 | D:1      | HoaS the Gargoyle Hunter began the quest for the Orb.
     0 | D:1      | Reached XP level 1. HP: 12/12 MP: 1/1
   296 | D:1      | Reached XP level 2. HP: 13/17 MP: 2/2
   452 | D:1      | Reached XP level 3. HP: 21/21 MP: 3/3
   612 | D:1      | Reached skill level 5 in Ranged Weapons
  1126 | D:2      | Reached XP level 4. HP: 26/26 MP: 4/4
  1463 | D:3      | Found a glowing drain.
  1490 | Sewer    | Entered a sewer
  1744 | Sewer    | Reached XP level 5. HP: 30/30 MP: 5/5
  2392 | D:3      | Found an ancient bone altar of Kikubaaqudgha.
  2399 | D:3      | Found an opulent altar of Gozag.
  2404 | D:3      | Found a sacrificial altar of Ru.
  2495 | D:4      | Found a glowing silver altar of Zin.
  2501 | D:4      | Became a worshipper of Zin the Law-Giver
  2501 | D:4      | Reached * piety under Zin
  2503 | D:4      | Identified the +6 dagger of Resourcefulness {pain, rElec
                  | Will- rCorr Str+3}
  2524 | D:4      | Found an iron altar of Okawaru.
  2531 | D:4      | Noticed a +0 hand axe
  2533 | D:4      | Noticed a +0 hand axe
  2540 | D:4      | Found a hide-covered altar of Uskayaw.
  2640 | D:4      | Found the +18 Lear's hauberk
  2741 | D:4      | Found a blossoming altar of Fedhas.
  2973 | D:4      | Reached skill level 1 in Invocations
  3339 | D:5      | Entered Level 5 of the Dungeon
  3341 | D:5      | Reached XP level 6. HP: 35/35 MP: 6/6
  3368 | D:5      | Found a staircase to the Ecumenical Temple.
  3439 | Temple   | Entered the Ecumenical Temple
  3543 | D:5      | Reached ** piety under Zin
  3570 | D:5      | Noticed a black bear
  3582 | D:5      | Killed a black bear
  3585 | D:5      | Reached XP level 7. HP: 21/40 MP: 7/9
  3704 | D:5      | Found Jeaniw's Jewellery Boutique.
  4503 | D:6      | Reached XP level 8. HP: 35/44 MP: 9/11
  4794 | D:6      | Identified the +10 long sword "Cejyhin" {antimagic, Str+5
                  | Int-4}
  5184 | D:6      | Reached skill level 10 in Ranged Weapons
  5567 | D:7      | Found a transporter.
  5569 | D:7      | Found a transporter.
  5572 | D:7      | Identified the +1 trident "Pisim" {vamp, rPois Str+2
                  | Stlth+}
  5572 | D:7      | Identified the +3 kite shield of Dramatic Exits {-Cast rF+
                  | Dex+6 SInv}
  5578 | D:7      | Noticed Grum
  5670 | D:7      | Reached XP level 9. HP: 43/48 MP: 12/12
  5839 | D:7      | Identified the +3 leather armour "Zarisut" {rElec Dex+2}
  5851 | D:7      | Noticed mrw0lf's ghost (novice DsCj)
  5905 | D:7      | Found a bloodstained altar of Trog.
  6133 | D:7      | Killed an unseen horror
  6351 | D:8      | Found a sand-covered staircase.
  6357 | Ossuary  | Entered an ossuary
  6387 | Ossuary  | Reached *** piety under Zin
  6735 | Ossuary  | Reached XP level 10. HP: 51/53 MP: 13/13
  7316 | D:8      | Noticed a boulder beetle
  7359 | D:8      | Reached **** piety under Zin
  8044 | D:9      | Found a flagged portal.
  8079 | Bailey   | Entered a bailey
  8280 | Bailey   | Noticed an orc knight
  8362 | Bailey   | Reached skill level 15 in Ranged Weapons
  8539 | Bailey   | Killed an orc knight
  9300 | Bailey   | Noticed an orc warlord
  9386 | D:9      | Reached XP level 11. HP: 49/57 MP: 14/14
  9561 | D:9      | Found a stormy altar of Qazlal.
  9884 | D:9      | Identified a scroll of acquirement
  9884 | D:9      | Acquired the +3 pair of gauntlets of War {Slay+5}
  9884 | D:9      | Found the +3 pair of gauntlets of War {Slay+5}
  9917 | D:9      | Found a burning altar of Makhleb.
  9920 | D:9      | Found a shadowy altar of Dithmenos.
  9920 | D:9      | Found a shimmering altar of Xom.
  9922 | D:9      | Found a shadowy altar of Dithmenos.
  9922 | D:9      | Found a shimmering altar of Xom.
  9922 | D:9      | Found a blossoming altar of Fedhas.
 10048 | D:10     | Entered Level 10 of the Dungeon
 10613 | D:10     | Reached ***** piety under Zin
 10614 | D:10     | Found a staircase to the Orcish Mines.
 10760 | D:10     | Found a staircase to the Lair.
 11271 | D:10     | Found a snail-covered altar of Cheibriados.
 11693 | D:8      | Killed a boulder beetle
 11782 | Lair:1   | Entered Level 1 of the Lair of Beasts
 12186 | Lair:1   | Reached XP level 12. HP: 64/64 MP: 15/15
 12188 | Lair:1   | Acquired the +8 longbow "Zephyr" {speed, Dex+3 SInv}
 12188 | Lair:1   | Found the +8 longbow "Zephyr" {speed, Dex+3 SInv}
 12963 | Lair:2   | Found a staircase to the Snake Pit.
 12973 | Lair:2   | Noticed a boulder beetle
 12990 | Lair:2   | Killed a boulder beetle
 13122 | Lair:2   | Found a frozen archway.
 13320 | Lair:2   | Reached XP level 13. HP: 69/69 MP: 16/16
 13381 | Lair:2   | Noticed Sonja
 13383 | Lair:2   | Killed Sonja
 13934 | D:7      | Killed mrw0lf's ghost
 13957 | D:7      | Identified the ring "Sokla" {Fly rCorr Int-4 Slay+5}
 13970 | D:7      | Killed Grum
 14039 | D:7      | Reached ****** piety under Zin
 14470 | Lair:3   | Identified the +1 flail "Goisa" {venom, Str+4}
 14727 | Lair:3   | Found a staircase to the Shoals.
 15464 | Lair:4   | Found a viscous altar of Jiyva.
 15464 | Lair:4   | Found a staircase to the Slime Pits.
 15774 | Lair:5   | Entered Level 5 of the Lair of Beasts
 15811 | Lair:5   | Reached skill level 5 in Invocations
 15994 | Lair:5   | Reached skill level 5 in Fighting
 15994 | Lair:5   | Gained mutation: Your large and strong wings let you fly.
                  | [Gargoyle growth]
 15994 | Lair:5   | Reached XP level 14. HP: 78/78 MP: 16/18
 16097 | Lair:5   | Noticed a dire elephant
 16097 | Lair:5   | Noticed a dire elephant
 16365 | Lair:5   | Found a dark tunnel.
 16458 | Lair:5   | Identified the +2 broad axe of Resumed Hostilities {flame,
                  | rN+ Stlth+}
 16620 | Lair:5   | Noticed a dire elephant
 16632 | Lair:5   | Killed a dire elephant
 16633 | Lair:5   | Reached skill level 5 in Dodging
 16679 | Lair:5   | Killed a dire elephant
 16693 | Lair:5   | Killed a dire elephant
 17615 | D:11     | Got the Encyclopedia of the Putrid Shapeshifter
 18422 | Orc:1    | Entered Level 1 of the Orcish Mines
 18626 | Orc:1    | Found Deakaeme's Book Emporium.
 19066 | Orc:1    | Reached XP level 15. HP: 90/90 MP: 20/20
 19218 | Orc:2    | Entered Level 2 of the Orcish Mines
 19630 | Orc:2    | Found Kacy's Distillery.
 19630 | Orc:2    | Found Dezeisio's Jewellery Shoppe.
 19631 | Orc:2    | Found Qohejiu's Antique Weapon Emporium.
 19635 | Orc:2    | Found Yzamuic's Jewellery Emporium.
 19641 | Orc:2    | Bought an amulet of regeneration for 450 gold pieces
 19666 | Orc:2    | Bought a ring of willpower for 375 gold pieces
 19666 | Orc:2    | Bought a ring of willpower for 375 gold pieces
 19675 | Orc:2    | Bought a potion of curing for 51 gold pieces
 19675 | Orc:2    | Bought a potion of heal wounds for 85 gold pieces
 19675 | Orc:2    | Bought a potion of curing for 51 gold pieces
 19675 | Orc:2    | Bought a potion of invisibility for 136 gold pieces
 19758 | Orc:2    | Reached skill level 10 in Fighting
 19975 | Orc:2    | Found a staircase to the Elven Halls.
 20307 | D:13     | Found a gate leading to a gauntlet.
 20321 | Gauntlet | Entered a Gauntlet
 20321 | Gauntlet | Found a transporter.
 20322 | Gauntlet | Found a large runed translucent door.
 20323 | Gauntlet | Found a large runed translucent door.
 20324 | Gauntlet | Found a large runed translucent door.
 20324 | Gauntlet | Found a large runed translucent door.
 20324 | Gauntlet | Found a runed translucent door.
 20325 | Gauntlet | Found a large runed translucent door.
 20326 | Gauntlet | Found a large runed translucent door.
 20327 | Gauntlet | Found a large runed translucent door.
 20327 | Gauntlet | Found a large runed translucent door.
 20328 | Gauntlet | Found a runed translucent gate.
 20328 | Gauntlet | Found a runed translucent gate.
 20330 | Gauntlet | Found a transporter.
 20338 | Gauntlet | Found a runed translucent gate.
 20338 | Gauntlet | Found a runed translucent door.
 20339 | Gauntlet | Found a large runed translucent door.
 20339 | Gauntlet | Found a large runed translucent door.
 20340 | Gauntlet | Found a large runed translucent door.
 20341 | Gauntlet | Found a large runed translucent door.
 20345 | Gauntlet | Found a transporter.
 20350 | Gauntlet | Found a transporter.
 20369 | Gauntlet | Found a transporter.
 20387 | Gauntlet | Found a transporter.
 20399 | Gauntlet | Found a transporter.
 20411 | Gauntlet | Found a transporter.
 20423 | Gauntlet | Found a transporter.
 20435 | Gauntlet | Found a transporter.
 20452 | Gauntlet | Found a transporter.
 20470 | Gauntlet | Found a transporter.
 20472 | Gauntlet | Found a transporter.
 20497 | Gauntlet | Found a transporter.
 20499 | Gauntlet | Found a transporter.
 20515 | Gauntlet | Found a large runed translucent door.
 20515 | Gauntlet | Found a large runed translucent door.
 20516 | Gauntlet | Found a large runed translucent door.
 20517 | Gauntlet | Found a large runed translucent door.
 20519 | Gauntlet | Found a transporter.
 20597 | Gauntlet | Found a transporter.
 20619 | Gauntlet | Found a transporter.
 20843 | Gauntlet | Identified the +1 helmet of Hubris {rF+ rCorr MP+9 Str+4}
 20901 | Gauntlet | Identified the +7 rapier of the Orb {flame, Contam rC++ rN+
                  | SInv}
 20916 | Gauntlet | Identified the +0 pair of gloves of Riseutz {-Cast Harm
                  | rF+++ Stlth+}
 21736 | D:14     | Found a gate to the Vaults.
 22223 | D:15     | Entered Level 15 of the Dungeon
 22327 | D:15     | Found a staircase to the Depths.
 22981 | D:15     | Reached XP level 16. HP: 98/101 MP: 23/23
 23260 | Snake:1  | Entered Level 1 of the Snake Pit
 23537 | Snake:1  | Found Xalicr Kygy's Antique Weapon Emporium.
 23539 | Snake:1  | Found Wacwoedd's Antique Armour Shoppe.
 23542 | Snake:1  | Found Laqyuleah's Magic Scroll Emporium.
 23549 | Snake:1  | Bought a scroll of teleportation for 45 gold pieces
 23549 | Snake:1  | Bought a scroll of teleportation for 45 gold pieces
 23549 | Snake:1  | Bought a scroll of teleportation for 45 gold pieces
 23815 | Snake:1  | Found an ancient bone altar of Kikubaaqudgha.
 24003 | Snake:1  | Identified Roxanne's Secrets of the Mantle
 24003 | Snake:1  | Noticed Roxanne
 24021 | Snake:1  | Killed Roxanne
 24496 | Snake:2  | Reached skill level 10 in Invocations
 24506 | Snake:2  | Reached skill level 10 in Dodging
 25205 | Snake:3  | Noticed Mlioglotl
 25217 | Snake:3  | Killed Mlioglotl
 25233 | Snake:3  | Found Foiwkys's Gadget Gallery.
 25473 | Snake:3  | Noticed a nagaraja
 25505 | Snake:3  | Killed a nagaraja
 25531 | Snake:3  | Noticed a nagaraja
 25537 | Snake:3  | Killed a nagaraja
 25873 | Snake:4  | Entered Level 4 of the Snake Pit
 25957 | Snake:4  | Reached XP level 17. HP: 111/111 MP: 25/25
 26041 | Snake:4  | Noticed Mara
 26058 | Snake:4  | Killed Mara
 26144 | Snake:4  | Noticed Louise
 26153 | Snake:4  | Killed Louise
 26154 | Snake:4  | Reached skill level 15 in Fighting
 26401 | Snake:4  | Identified the +2 ring mail "Wuoj" {Int+3}
 26491 | Snake:4  | Noticed Kirke
 26504 | Snake:4  | Killed Kirke
 26995 | Snake:4  | Noticed a quicksilver dragon
 27002 | Snake:4  | Killed a quicksilver dragon
 27189 | Snake:4  | Noticed a quicksilver dragon
 27196 | Snake:4  | Killed a quicksilver dragon
 27232 | Snake:4  | Noticed Vashnia
 27245 | Snake:4  | Killed Vashnia
 27504 | Snake:4  | Got a serpentine rune of Zot
 27883 | Shoals:1 | Entered Level 1 of the Shoals
 27897 | Shoals:1 | Upgraded the game from 0.30-a0-728-gc68057be0a to
                  | 0.30-a0-737-gf23d94013f
 28038 | Shoals:1 | Reached XP level 18. HP: 122/122 MP: 26/26
 28375 | Shoals:1 | Found a runed translucent door.
 28415 | Shoals:1 | Noticed Fitracw Zoogg's ghost (adept NaWn)
 28724 | Shoals:1 | Killed Fitracw Zoogg's ghost
 29184 | Shoals:2 | Found Janwovowkusch's Mass Market.
 29732 | Shoals:3 | Found Arowk's CLEARANCE SALE!.
 29745 | Shoals:3 | Bought a scroll of teleportation for 9 gold pieces
 30336 | Shoals:4 | Entered Level 4 of the Shoals
 30490 | Shoals:4 | Found Tomem's General Store.
 30501 | Shoals:4 | Bought a scroll of teleportation for 48 gold pieces
 31115 | Shoals:4 | Noticed Polyphemus
 31136 | Shoals:4 | Killed Polyphemus
 31243 | Shoals:4 | Reached XP level 19. HP: 132/132 MP: 27/27
 31319 | Shoals:4 | Identified the +4 trident of a Labyrinth {antimagic, rElec
                  | rPois Will- Str+7 Int-2}
 31437 | Shoals:4 | Got a barnacled rune of Zot
 31845 | Vaults:1 | Entered Level 1 of the Vaults
 32043 | Vaults:1 | Identified the amulet "Zoforot" {RegenMP SInv Stlth+}
 32087 | Vaults:1 | Reached skill level 15 in Dodging
 32244 | Vaults:1 | You are sucked into a shaft and drop 1 floor!
 32244 | Vaults:2 | Found a staircase to the Crypt.
 32295 | Vaults:2 | Found a huge runed gate.
 32295 | Vaults:2 | Found a huge runed gate.
 32295 | Vaults:2 | Found a huge runed gate.
 32295 | Vaults:2 | Found a huge runed gate.
 32295 | Vaults:2 | Found a huge runed gate.
 32295 | Vaults:2 | Found a huge runed gate.
 32295 | Vaults:2 | Found a huge runed gate.
 32297 | Vaults:2 | Found a huge runed gate.
 32297 | Vaults:2 | Found a huge runed gate.
 32297 | Vaults:2 | Found a huge runed gate.
 32298 | Vaults:2 | Found a huge runed gate.
 32299 | Vaults:2 | Found a huge runed gate.
 32300 | Vaults:2 | Found a huge runed gate.
 32301 | Vaults:2 | Found a huge runed gate.
 32302 | Vaults:2 | Found a huge runed gate.
 32337 | Vaults:2 | Found a huge runed gate.
 32337 | Vaults:2 | Found a huge runed gate.
 32337 | Vaults:2 | Found a huge runed gate.
 32337 | Vaults:2 | Found a huge runed gate.
 32337 | Vaults:2 | Found a huge runed gate.
 32337 | Vaults:2 | Found a huge runed gate.
 32338 | Vaults:2 | Found a huge runed gate.
 32339 | Vaults:2 | Found a huge runed gate.
 32340 | Vaults:2 | Found a huge runed gate.
 32348 | Vaults:2 | Found a huge runed gate.
 32348 | Vaults:2 | Found a huge runed gate.
 32348 | Vaults:2 | Found a huge runed gate.
 32348 | Vaults:2 | Found a huge runed gate.
 32348 | Vaults:2 | Found a huge runed gate.
 32348 | Vaults:2 | Found a huge runed gate.
 32349 | Vaults:2 | Found a huge runed gate.
 32350 | Vaults:2 | Found a huge runed gate.
 32351 | Vaults:2 | Found a huge runed gate.
 32493 | Vaults:2 | Found a magical portal.
 32578 | Vaults:2 | Found Axtior's Assorted Antiques.
 32596 | Vaults:2 | Bought a potion of curing for 120 gold pieces
 33838 | Vaults:1 | Reached XP level 20. HP: 142/142 MP: 28/28
 34300 | Vaults:2 | Found a huge runed gate.
 34300 | Vaults:2 | Found a huge runed gate.
 34301 | Vaults:2 | Found a huge runed gate.
 34704 | Vaults:2 | Noticed a golden dragon
 34806 | Vaults:2 | Killed a golden dragon
 35521 | Vaults:3 | Found Hyntef's Book Shoppe.
 35623 | Vaults:3 | Reached XP level 21. HP: 151/151 MP: 29/29
 36082 | Vaults:3 | Paralysed by a sphinx for 3 turns
 36371 | Vaults:3 | Identified the +2 leather armour of Mumblety Peg {rElec
                  | Will+ Dex-5 SInv}
 36624 | Vaults:4 | Noticed Zenata
 36704 | Vaults:4 | Killed Zenata
 37010 | Vaults:4 | Acquired 1176 gold pieces
 37753 | Vaults:4 | Reached XP level 22. HP: 156/156 MP: 30/30
 38128 | Depths:1 | Entered Level 1 of the Depths
 38128 | Depths:1 | Found a gateway to Hell.
 39344 | Depths:1 | Identified the +1 ring mail of Summer {rC+ Slay+3}
 39634 | Depths:1 | Found an iron altar of Okawaru.
 39867 | Depths:2 | Noticed the Enchantress
 39953 | Depths:1 | Killed the Enchantress
 40124 | Depths:2 | You are sucked into a shaft and drop 2 floors!
 40124 | Depths:4 | Entered Level 4 of the Depths
 40168 | Depths:4 | Identified the +2 robe "Meiq" {Dex+2}
 40180 | Depths:4 | Found a gate to the Realm of Zot.
 40180 | Depths:4 | Noticed a golden dragon
 40203 | Depths:4 | Killed a golden dragon
 40319 | Depths:4 | Noticed a juggernaut
 40394 | Depths:4 | Killed a juggernaut
 40395 | Depths:4 | Reached XP level 23. HP: 151/162 MP: 31/31
 40430 | Depths:4 | Got Miwuycle's Encyclopedia of the Frigid Barrage
 40585 | Depths:4 | Paralysed by a floating eye for 2 turns
 40594 | Depths:4 | Found a one-way gateway to a ziggurat.
 40598 | Depths:4 | Paralysed by a floating eye for 4 turns
 40605 | Depths:4 | Paralysed by a floating eye for 2 turns
 40610 | Depths:4 | Paralysed by a floating eye for 4 turns
 40619 | Depths:4 | Paralysed by a floating eye for 3 turns
 40624 | Depths:4 | Paralysed by a floating eye for 4 turns
 40630 | Depths:4 | Paralysed by a floating eye for 2 turns
 40635 | Depths:4 | Paralysed by a floating eye for 4 turns
 40642 | Depths:4 | Paralysed by a floating eye for 2 turns
 40815 | Depths:2 | Found a one-way gate leading to the halls of Pandemonium.
 41637 | Depths:2 | Found a huge runed gate.
 41637 | Depths:2 | Found a huge runed gate.
 41637 | Depths:2 | Found a huge runed gate.
 41638 | Depths:2 | Found a huge runed gate.
 41638 | Depths:2 | Found a huge runed gate.
 41639 | Depths:2 | Found a huge runed gate.
 41640 | Depths:2 | Found a huge runed gate.
 41642 | Depths:2 | Found a huge runed gate.
 41643 | Depths:2 | Found a huge runed gate.
 41644 | Depths:2 | Found a huge runed gate.
 41645 | Depths:2 | Found a huge runed gate.
 41646 | Depths:2 | Found a huge runed gate.
 41647 | Depths:2 | Found a huge runed gate.
 41648 | Depths:2 | Found a huge runed gate.
 41656 | Depths:2 | Found a huge runed gate.
 41656 | Depths:2 | Found a huge runed gate.
 41656 | Depths:2 | Found a huge runed gate.
 41656 | Depths:2 | Found a huge runed gate.
 41656 | Depths:2 | Found a huge runed gate.
 41656 | Depths:2 | Found a huge runed gate.
 41657 | Depths:2 | Found a huge runed gate.
 41658 | Depths:2 | Found a huge runed gate.
 41659 | Depths:2 | Found a huge runed gate.
 41667 | Depths:2 | Found a huge runed gate.
 41667 | Depths:2 | Found a huge runed gate.
 41667 | Depths:2 | Found a huge runed gate.
 41667 | Depths:2 | Found a huge runed gate.
 41667 | Depths:2 | Found a huge runed gate.
 41667 | Depths:2 | Found a huge runed gate.
 41668 | Depths:2 | Found a huge runed gate.
 41669 | Depths:2 | Found a huge runed gate.
 41670 | Depths:2 | Found a huge runed gate.
 41682 | Depths:2 | Found a huge runed gate.
 41682 | Depths:2 | Found a huge runed gate.
 41682 | Depths:2 | Found a huge runed gate.
 41682 | Depths:2 | Found a huge runed gate.
 42202 | Depths:2 | Noticed a juggernaut
 42202 | Depths:2 | Noticed a caustic shrike
 42222 | Depths:2 | Killed a juggernaut
 42500 | Depths:2 | Killed a caustic shrike
 42686 | Depths:2 | Identified the ring of Hacel {*Slow AC+4 Int+5 SInv}
 42954 | Depths:3 | Found a shimmering altar of Xom.
 42966 | Depths:3 | Identified the ring "Volusulu" {Contam rF+ Will++ Int+6
                  | Dex+2}
 43102 | Depths:3 | Found a burning altar of Makhleb.
 43110 | Depths:3 | Found a one-way gate to the infinite horrors of the Abyss.
 43110 | Depths:3 | Noticed a golden dragon
 43116 | Depths:3 | Killed a golden dragon
 43142 | Depths:3 | Reached XP level 24. HP: 171/171 MP: 32/32
 43483 | Depths:3 | Found a radiant altar of Vehumet.
 43544 | Depths:3 | Identified the +0 spear of Recklessness {heavy, rF+}
 43763 | Depths:3 | Found a glowing golden altar of the Shining One.
 43900 | Depths:3 | Identified the +1 pair of gloves of Ru's Outrage {Str+3}
 44309 | Depths:4 | Found Qiggekye's Armour Shop.
 44952 | Elf:1    | Entered Level 1 of the Elven Halls
 44959 | Elf:1    | Noticed Agnes
 44966 | Elf:1    | Killed Agnes
 45122 | Elf:1    | Found Leozax's General Store.
 45134 | Elf:1    | Bought a potion of heal wounds for 80 gold pieces
 45134 | Elf:1    | Bought a potion of haste for 160 gold pieces
 45166 | Elf:1    | Found Pih Hiti's Armour Emporium.
 45166 | Elf:1    | Found Futic's Distillery.
 45206 | Elf:1    | Bought a potion of heal wounds for 85 gold pieces
 45206 | Elf:1    | Bought a potion of curing for 51 gold pieces
 45206 | Elf:1    | Bought a potion of heal wounds for 85 gold pieces
 45607 | Elf:2    | Reached XP level 25. HP: 178/178 MP: 33/33
 46147 | Elf:2    | Found Kosuidima's Assorted Antiques.
 46157 | Elf:2    | Bought a scroll of teleportation for 129 gold pieces
 46157 | Elf:2    | Bought a potion of curing for 129 gold pieces
 46295 | Elf:2    | Found a runed translucent gate.
 46296 | Elf:2    | Found a runed translucent gate.
 46297 | Elf:2    | Found a runed translucent gate.
 46723 | Elf:2    | Noticed Nikola
 46732 | Elf:2    | Killed Nikola
 47641 | Vaults:5 | Entered Level 5 of the Vaults
 47669 | Vaults:5 | Noticed a dread lich
 47778 | Vaults:5 | Paralysed by a sphinx for 4 turns
 47787 | Vaults:4 | Killed a dread lich
 48115 | Vaults:5 | Noticed an ancient lich
 48182 | Vaults:5 | Killed an ancient lich
 48299 | Vaults:5 | Reached XP level 26. HP: 185/188 MP: 33/33
 48550 | Vaults:5 | Got a silver rune of Zot
 48603 | Vaults:5 | Noticed an ancient lich
 48606 | Vaults:5 | Killed an ancient lich
 48687 | Vaults:5 | Found the +5 demon whip "Spellbinder" {antimagic, disrupt,
                  | Will+}
 48689 | Vaults:5 | Found the ring of the Mage {Wiz Archmagi}
 49461 | Elf:3    | Entered Level 3 of the Elven Halls
 50004 | Elf:3    | Reached skill level 15 in Invocations
 50490 | Elf:3    | Identified the ring "Noasut" {rElec rPois rN+ Int-2 Dex+3}
 50555 | Elf:3    | Identified the +6 spear of Okawaru {drain, Dex+3 Stlth+}
 50574 | Elf:3    | Identified the +1 glaive of Fate {pain, rElec rPois rF+
                  | Dex+2}
 50599 | Elf:3    | Identified the +1 leather armour of Starshine {rC+}
 51519 | Zot:1    | Entered Level 1 of the Realm of Zot
 51753 | Crypt:1  | Entered Level 1 of the Crypt
 52893 | Crypt:1  | Reached XP level 27. HP: 153/196 MP: 34/34
 52966 | Crypt:1  | Found an ancient bone altar of Kikubaaqudgha.
 53698 | Crypt:3  | Entered Level 3 of the Crypt
 53718 | Crypt:3  | Noticed an ancient lich
 53726 | Crypt:3  | Killed an ancient lich
 54344 | Crypt:3  | Noticed Mennas
 54361 | Crypt:3  | Killed Mennas
 54419 | Crypt:3  | Noticed an ancient lich
 54427 | Crypt:3  | Killed an ancient lich
 55007 | Crypt:3  | Found a staircase to the Tomb.
 55455 | Zot:1    | Noticed an orb of fire
 55489 | Depths:4 | Killed an orb of fire
 55665 | Zot:1    | Reached skill level 27 in Fighting
 56022 | Zot:1    | Got Sif Muna's Spellbook of Electricity
 56362 | Zot:2    | Found a runed translucent gate.
 56364 | Zot:2    | Found a runed translucent gate.
 56364 | Zot:2    | Noticed Rarotz's ghost (legendary DjCj)
 56365 | Zot:2    | Found a runed translucent gate.
 56378 | Zot:2    | Found a transporter.
 56514 | Zot:2    | Found a transporter.
 56855 | Zot:2    | Found a viscous altar of Jiyva.
 57034 | Zot:3    | Noticed an orb of fire
 57048 | Zot:3    | Killed an orb of fire
 57156 | Zot:3    | Reached skill level 27 in Ranged Weapons
 58679 | Zot:5    | Entered Level 5 of the Realm of Zot
 58708 | Zot:5    | Acquired the +2 cloak "Sas Siqodumm" {rPois Int+2 Dex+2}
 59086 | Zot:5    | Found a runed translucent gate.
 59086 | Zot:5    | Found a runed translucent gate.
 59086 | Zot:5    | Found a runed translucent gate.
 59097 | Zot:5    | Noticed PigKeeper's ghost (legendary TeRe)
 59182 | Zot:5    | Identified the +8 flail "Imp's Nightmare" {heavy, rC+ Str+2
                  | Dex-5 SInv}
 59437 | Zot:5    | Noticed an ancient lich
 59444 | Zot:5    | Killed an ancient lich
 59445 | Zot:5    | Reached skill level 27 in Dodging
 59445 | Zot:5    | Reached skill level 1 in Armour
 59699 | Zot:5    | Noticed an orb of fire
 59727 | Zot:5    | Killed an orb of fire
 60094 | Zot:5    | Reached skill level 5 in Armour
 60258 | Zot:5    | Noticed an ancient lich
 60268 | Zot:5    | Killed an ancient lich
 60273 | Zot:5    | Noticed an orb of fire
 60279 | Zot:5    | Killed an orb of fire
 60390 | Zot:5    | Noticed an orb of fire
 60406 | Zot:5    | Killed an orb of fire
 60407 | Zot:5    | Noticed an orb of fire
 60420 | Zot:5    | Killed an orb of fire
 60445 | Zot:5    | Noticed an orb of fire
 60473 | Zot:5    | Noticed an orb of fire
 60474 | Zot:5    | Killed an orb of fire
 60485 | Zot:5    | Killed an orb of fire
 60998 | Zot:5    | Reached skill level 10 in Armour
 61032 | Zot:5    | Killed PigKeeper's ghost
 61156 | Zot:5    | Identified the +4 plate armour of Zasaawk {MP+9 Int+2}
 61158 | Zot:5    | Identified the +0 pair of gloves "Venappic" {Will+ Dex+3}
 61503 | Hell     | Entered the Vestibule of Hell
 61503 | Hell     | Noticed Geryon
 61530 | Hell     | Noticed Murray
 61676 | Hell     | Killed Geryon
 61693 | Hell     | Killed Murray
 62021 | Hell     | Found a gateway to the decaying netherworld of Tartarus.
 62107 | Hell     | Found a gateway to the ashen valley of Gehenna.
 62287 | Hell     | Found a gateway to the Iron City of Dis.
 62376 | Hell     | Found a gateway to the freezing wastes of Cocytus.
 62440 | Hell     | Acquired 1015 gold pieces
 62528 | Depths:4 | Paralysed by a floating eye for 2 turns
 62648 | Zot:2    | Killed Rarotz's ghost
 62836 | Depths:3 | Voluntarily entered the Abyss.
 62841 | Abyss:1  | Found a corrupted altar of Lugonu.
 62914 | Abyss:2  | Found a corrupted altar of Lugonu.
 63667 | Abyss:3  | Reached skill level 15 in Armour
 63705 | Abyss:3  | Got an abyssal rune of Zot
 63810 | Depths:3 | Escaped the Abyss
 63957 | Dis:1    | Entered Level 1 of the Iron City of Dis
 65802 | Dis:6    | Found a huge runed gate.
 65802 | Dis:6    | Found a huge runed gate.
 65802 | Dis:6    | Found a huge runed gate.
 65802 | Dis:6    | Found a huge runed gate.
 65802 | Dis:6    | Found a huge runed gate.
 65802 | Dis:6    | Found a huge runed gate.
 65802 | Dis:6    | Found a huge runed gate.
 65802 | Dis:6    | Found a huge runed gate.
 65802 | Dis:6    | Found a huge runed gate.
 65802 | Dis:6    | Found a huge runed gate.
 65802 | Dis:6    | Noticed an ancient lich
 65810 | Dis:6    | Killed an ancient lich
 65856 | Dis:6    | Found a huge runed gate.
 65856 | Dis:6    | Found a huge runed gate.
 65856 | Dis:6    | Found a huge runed gate.
 65856 | Dis:6    | Found a huge runed gate.
 65856 | Dis:6    | Found a huge runed gate.
 65856 | Dis:6    | Found a huge runed gate.
 65857 | Dis:6    | Found a huge runed gate.
 65858 | Dis:6    | Found a huge runed gate.
 65859 | Dis:6    | Found a huge runed gate.
 65871 | Dis:6    | Found a huge runed gate.
 65871 | Dis:6    | Found a huge runed gate.
 65871 | Dis:6    | Found a huge runed gate.
 65871 | Dis:6    | Found a huge runed gate.
 65871 | Dis:6    | Found a huge runed gate.
 65871 | Dis:6    | Found a huge runed gate.
 65872 | Dis:6    | Found a huge runed gate.
 65876 | Dis:6    | Found a huge runed gate.
 65877 | Dis:6    | Found a huge runed gate.
 66032 | Dis:6    | Found a huge runed gate.
 66032 | Dis:6    | Found a huge runed gate.
 66032 | Dis:6    | Found a huge runed gate.
 66032 | Dis:6    | Found a huge runed gate.
 66032 | Dis:6    | Found a huge runed gate.
 66032 | Dis:6    | Found a huge runed gate.
 66033 | Dis:6    | Found a huge runed gate.
 66034 | Dis:6    | Found a huge runed gate.
 66569 | Dis:7    | Entered Level 7 of the Iron City of Dis
 68692 | Dis:7    | Identified the +9 shortbow of Gaifaguv {drain, rElec Str+3
                  | Int-5}
 68693 | Dis:7    | Identified the quicksilver dragon scales of Summertime {rF+
                  | Will+}
 68867 | Dis:7    | Found the +4 staff of Dispater
 68867 | Dis:7    | Noticed Dispater
 68911 | Dis:7    | Killed Dispater
 69046 | Dis:7    | Identified the +1 kite shield of the Tick {*Corrode +Blink
                  | rPois}
 69048 | Dis:7    | Got an iron rune of Zot
 69278 | Geh:1    | Entered Level 1 of Gehenna
 70793 | Geh:7    | Entered Level 7 of Gehenna
 71287 | Geh:7    | Reached skill level 27 in Armour
 71786 | Geh:7    | Got the Excursus on Frostbitten Zombies
 71828 | Geh:7    | Found the +7 sceptre of Asmodeus
 71828 | Geh:7    | Noticed Asmodeus
 71856 | Geh:7    | Killed Asmodeus
 71857 | Geh:7    | Reached skill level 5 in Stealth
 72078 | Geh:7    | Identified the +0 morningstar "Ajyubewk" {speed, Fragile
                  | Will+ Dex+2}
 72085 | Geh:7    | Found the +8 lance "Wyrmbane" {slay drac, rPois rF+ rC+
                  | AC+3}
 72092 | Geh:7    | Identified the +6 rapier of Lefececu {elec, Will+ rCorr
                  | Str+3 Dex-5}
 72104 | Geh:7    | Identified the +1 robe of the Shouting Gods {rC- Will+
                  | Int+4}
 72137 | Geh:7    | Got an obsidian rune of Zot
 72409 | Coc:1    | Entered Level 1 of Cocytus
 74206 | Coc:5    | Reached skill level 10 in Stealth
 74715 | Coc:7    | Entered Level 7 of Cocytus
 74978 | Coc:7    | Noticed an ancient lich
 74985 | Coc:7    | Killed an ancient lich
 75092 | Coc:7    | Noticed the Serpent of Hell
 75126 | Coc:7    | Killed the Serpent of Hell
 76373 | Coc:7    | Identified the ring of Circularity {Fly Int+2 Dex-5 Slay+3}
 76373 | Coc:7    | Noticed Antaeus
 76428 | Coc:7    | HP: 9/199 [Antaeus/+6 falchion of venom (4)]
 76428 | Coc:7    | HP: 2/199 [Antaeus/+6 falchion of venom (7)]
 76431 | Coc:7    | Mangled by Antaeus

Illustrated notes

Levels and vault maps discovered:
D:1:      psy_arrival_conway, layout_basic,
          nicolae_concentric_dashed_squares_wild
D:2:      layout_loops_cross
D:3:      layout_loops_ring, minmay_overflow_temple_star_quad,
          portal_sewer_entry_f, kennysheep_donut, kennysheep_generic_room_10
D:4:      layout_cave_pods, dancing_weapons_uskayaw,
          mainiacjoe_overflow_cross_hatched, mainiacjoe_overflow_large_starburst
D:5:      layout_loops_ring, minmay_temple_entry_trees,
          minmay_shop_enchanted_jewellery, minmay_misc_feat_more_columns
D:6:      layout_basic
D:7:      layout_basic, trog_hazing_becter, gammafunk_ghost_gnarly_gnolls,
          minivault_4
D:8:      layout_loops_corners, nicolae_ossuary_entry_ruins
D:9:      layout_loops_ring, grunt_qazlal_clouds, doesnt_xom_only_xom,
          enter_bailey_5
D:10:     layout_basic, cheibrodos_worm_habitat, minmay_lair_entry_grove,
          zombieorc2_lemuel
D:11:     nrook_guardian_serpent_snake_passage, layout_loops_ring, serial_bayou,
          serial_bayou_pond_c, serial_bayou_shore_a, serial_bayou_pond_e,
          serial_bayou_lagoon_b, kennysheep_small_circle
D:12:     layout_basic
D:13:     layout_basic, gauntlet_entry_generic
D:14:     layout_cave_pools, skrybe_vaults_entry_preservation,
          minmay_misc_feat_hallway, serial_bayou, serial_bayou_pond_e,
          serial_bayou_ford_a, serial_bayou_pond_b, serial_bayou_lake_a,
          serial_bayou_pond_a, serial_bayou_pond_c,
          kennysheep_opposing_triangles
D:15:     hangedman_depths_entry_try_elsewhere_first, layout_grid_maze,
          minmay_stone_trees_small
Temple:   grunt_temple_mini_profane
Lair:1:   layout_long_grid
Lair:2:   layout_cave_shapes, dummy_snake_entry, portal_ice_cave_demonic_guard,
          grunt_forest_large_clearings, uniq_sonja
Lair:3:   layout_cave_pods, shoals_dummy_entry
Lair:4:   layout_roguey, slime_entry_1, minivault_26
Lair:5:   due_jungle_book, layout_regular_city, enter_volcano_3,
          infiniplex_staircase_pool_2
Shoals:1: layout_shoals, gammafunk_ghost_grave,
          nicolae_shoals_lost_giant_amphitheater,
          nicolae_shoals_kraken_intersection
Shoals:2: layout_shoals, minmay_shop_mass
Shoals:3: layout_shoals, nicolae_shop_clearance
Shoals:4: shoals_end_grunt_ice, layout_shoals, serial_shops,
          nicolae_shop_hallway_plus, uniq_polyphemus
Snake:1:  layout_gridlike, basic_altar, minmay_shop_star, uniq_roxanne
Snake:2:  layout_basic, nicolae_snake_squiggles
Snake:3:  layout_rooms, nicolae_shop_gadgets, uniq_mlioglotl
Snake:4:  hellmonk_snake_rune_quicksilver_temple, layout_cave_town, uniq_kirke,
          uniq_vashnia, uniq_mara, uniq_louise
Orc:1:    layout_caves, serial_shops, nicolae_shop_advertising_works
          [nicolae_subvault_shop_adworks], special_room [special_room_orc],
          mines5_lemuel
Orc:2:    st_orc_mages, layout_caves
Elf:1:    layout_rooms, serial_shops, shop_fountains, evilmike_minifort,
          minmay_shoptagon, uniq_agnes
Elf:2:    elven_hall_of_blades_hangedman_original
          [nicolae_blade_entry_floor_patterns], layout_rooms, serial_shops,
          nicolae_shop_overgrown_old_shop, uniq_nikola
Elf:3:    minmay_elf_hall_four_x, layout_geoelf_castle
Vaults:1: grunt_vaults_swirl, nicolae_vaults_network_s,
          hangedman_vaults_stretched_pinwheel, hangedman_vaults_locks,
          nicolae_vaults_back_hallway, vaults_standard_mumra_x, v_alt_pattern_2,
          serial_ice_b, v_alt_pattern_2, nicolae_vaults_little_squares_3,
          st_lattice, nicolae_vaults_little_squares_2, layout_vaults_omnibox
Vaults:2: mu_enter_wizlab_2, v_misc_11, minmay_crypt_entry_simple_corners,
          hangedman_vaults_trim, door_vault, v_rooms_2, ontoclasm_vaults_tryst,
          v_misc_25, hangedman_vaults_snaps, hangedman_vaults_restitches,
          vaults_mumra_chevron, hangedman_vaults_variations, v_alt_pattern_4,
          layout_vaults_maze, serial_shops, shop
Vaults:3: nicolae_vaults_puzzle_piece, grunt_vaults_trifunnel,
          hangedman_vaults_maws, hangedman_vaults_impose, nicolae_vaults_big_ls,
          vaults_standard_mumra_lines, dpeg_vaults_hating_casters,
          vaults_mumra_hex, vaults_dpeg_hooks, nicolae_vaults_little_squares_3,
          ontoclasm_vaults_ring_small, ontoclasm_vaults_decontamination,
          layout_vaults_omnicross, serial_shops, shop
Vaults:4: hangedman_vaults_trim, vaults_standard_mumra_enter_the_diamond,
          nicolae_vaults_circle_grid_b, vaults_room_stairs_pillars, v_pattern_3,
          ontoclasm_vaults_pinch, ontoclasm_vaults_eye, layout_vaults_omnigrid,
          uniq_zenata
Vaults:5: serial_shops
Crypt:1:  cheibrodos_crypt_down_in_the_bonehoard, layout_misc_corridors,
          nicolae_crypt_small_crypt
Crypt:2:  layout_chaotic_city
Crypt:3:  david_glass_crypt, layout_basic, nicolae_tomb_entry_grand_gallery,
          grunt_megastairs_4, uniq_mennas
Depths:1: angbandy_vault, layout_cave_shapes, hell_entry,
          hellmonk_okawaru_the_only_friend_you_need, hellmonk_scarab_ruin
Depths:2: hangedman_screamer, layout_cave_pools, grunt_pan_entry_spiral,
          special_room [special_room_mythical_zoo], hellmouth_1, door_vault,
          infiniplex_staircase_split_hallway, uniq_enchantress
Depths:3: grunt_profane_halls [grunt_profane_temple_tar,
          grunt_profane_temple_geh, grunt_profane_temple_coc,
          grunt_profane_temple_dis, grunt_profane_loot], hell_entry, abyss_entry
Depths:4: grunt_zot_entry_tricorne, layout_honeycomb, enter_ziggurat_c,
          serial_shops, nicolae_shop_crystal, grunt_hell_horde,
          marbit_kobold_abyss_entry, st_stairs_7, reono_crystal_passage,
          minmay_checkered_concentric_circles
Hell
Dis:1:    layout_subdivisions
Dis:2:    layout_subdivisions, nicolae_hells_hurtin_island
Dis:3:    layout_overlapping_boxes
Dis:4:    layout_regular_city
Dis:5:    layout_subdivisions
Dis:6:    layout_jigsaw, door_vault
Dis:7:    iron_city_of_dis [dis_old, dis_wall_2], layout_gridville,
          minmay_strange_pillars, nicolae_dis_fourth_circle
Geh:1:    layout_gehenna_lava_caves
Geh:2:    layout_gehenna_pools_box
Geh:3:    layout_gehenna_lava_caves
Geh:4:    layout_gehenna_lava_caves
Geh:5:    layout_gehenna_pools_box
Geh:6:    layout_gehenna_pools_box
Geh:7:    geh_mu
Coc:1:    layout_cocytus_water_paths
Coc:2:    layout_ice_bergs, serial_ice, serial_ice_e, serial_ice_b
Coc:3:    layout_ice_bergs
Coc:4:    layout_ice_bergs
Coc:5:    layout_ice_bergs
Coc:6:    layout_ice_bergs
Coc:7:    coc_grunt_cove [coc_grunt_cove_antaeus, coc_grunt_cove_fiend,
          coc_grunt_cove_fiend, coc_grunt_cove_fiend, coc_grunt_cove_fiend]
Zot:1:    layout_misc_corridors
Zot:2:    gammafunk_the_bubble [the_bubble_gammafunk_crates],
          layout_misc_corridors, gammafunk_ghost_ooze
Zot:3:    layout_gridlike, hangedman_spider_trapstep
Zot:4:    layout_gridlike, kennysheep_underground_church, uniq_grunn
Zot:5:    layout_gridlike, gammafunk_ghost_tricky_traps, bh_zot_ikea_curve,
          skrybe_zot_glass_2

Skill      XL: |  1  2  3  4  5  6  7  8  9 10 11 12 13 14 15 16 17 18 19 20 21 22 23 24 25 26 27 |
---------------+----------------------------------------------------------------------------------+-----
Ranged Weapons | 5 6 7 8 11 13 16 17 20 22 23 24 25 27 | 27.0
Invocations    | 1 2 4 5 7 9 11 12 13 14 15 24 | 24.4
Dodging        | 2 3 7 9 11 13 14 16 17 20 22 23 24 27 | 27.0
Fighting       | 3 5 9 12 14 16 18 20 22 23 24 25 26 27 | 27.0
Armour         | 27 | 27.0
Stealth        | 14 | 14.1

Action                     |  1- 3 |  4- 6 |  7- 9 | 10-12 | 13-15 | 16-18 | 19-21 | 22-24 | 25-27 || total
---------------------------+-------+-------+-------+-------+-------+-------+-------+-------+-------++-------
  Melee: Longbow           |       |       |       |       |       |       |       |     7 |     3 ||    10
   Fire: Shortbow          |    73 |   150 |   458 |   451 |       |       |       |       |       ||  1132
         Arbalest          |       |       |       |   287 |       |       |       |       |       ||   287
         Longbow           |       |       |       |   217 |  1218 |  1397 |  1778 |  2113 |  7467 || 14190
 Invoke: Recite            |       |       |     1 |     3 |       |     1 |       |     1 |     1 ||     7
         Vitalisation      |       |       |       |     5 |     4 |     2 |       |     3 |     7 ||    21
  Evoke: Wand              |       |       |       |       |       |       |       |       |     2 ||     2
    Use: Scroll            |     7 |     6 |    10 |     8 |     8 |       |     4 |     6 |    12 ||    61
         Potion            |       |       |     1 |     4 |       |     3 |       |    10 |    10 ||    28
 Armour: Leather armour    |     9 |    22 |   116 |       |       |       |       |       |       ||   147
         Steam dragon scal |       |       |       |   180 |    49 |    45 |    45 |    75 |   340 ||   734
  Dodge: Dodged            |    13 |    30 |   122 |   236 |    83 |   122 |   232 |   471 |  2276 ||  3585

Table legend: (Time is in decaauts)
 A = Elapsed time spent in this place.
 B = Non-inter-level travel time spent in this place.
 C = Inter-level travel time spent in this place.
 D = Time resting spent in this place.
 E = Time spent auto-exploring this place.
 F = Levels seen in this place.
 G = Mean time per level.
                   A        B        C        D        E       F      G
               +--------+--------+--------+--------+--------+-----+--------+
         Total |  67015 |  60496 |   6519 |  11581 |  37079 |  80 |  837.7 |
       Dungeon |  14620 |  12353 |   2267 |   1463 |   8664 |  15 |  974.7 |
        Temple |     93 |     93 |      0 |     88 |      0 |   1 |   93.0 |
          Lair |   4902 |   4408 |    494 |    348 |   3430 |   5 |  980.4 |
        Shoals |   3309 |   3154 |    155 |    306 |   2471 |   4 |  827.2 |
     Snake Pit |   4012 |   3824 |    188 |   1108 |   2184 |   4 | 1003.0 |
  Orcish Mines |   1769 |   1468 |    301 |    241 |    999 |   2 |  884.5 |
   Elven Halls |   3114 |   3025 |     89 |    748 |   1758 |   3 | 1038.0 |
        Vaults |   6795 |   5888 |    907 |    576 |   4144 |   5 | 1359.0 |
         Crypt |   2884 |   2686 |    198 |    305 |   1971 |   3 |  961.3 |
        Depths |   6220 |   5426 |    794 |   1624 |   2525 |   4 | 1555.0 |
          Hell |    856 |    713 |    143 |    145 |    313 |   1 |  856.0 |
           Dis |   4171 |   3818 |    353 |   1251 |   1553 |   7 |  595.9 |
       Gehenna |   2589 |   2420 |    169 |    246 |   1704 |   7 |  369.9 |
       Cocytus |   3026 |   2879 |    147 |    826 |   1468 |   7 |  432.3 |
           Zot |   5395 |   5084 |    311 |   1331 |   2756 |   5 | 1079.0 |
         Abyss |    799 |    799 |      0 |      0 |    512 |   3 |  266.3 |
         Sewer |    306 |    306 |      0 |    200 |     47 |   1 |  306.0 |
       Ossuary |    395 |    395 |      0 |     54 |    134 |   1 |  395.0 |
        Bailey |   1172 |   1172 |      0 |    681 |    126 |   1 | 1172.0 |
      Gauntlet |    580 |    580 |      0 |     36 |    318 |   1 |  580.0 |
               +--------+--------+--------+--------+--------+-----+--------+

Top non-repeatable levels by time:
   Zot:5: 2360 daAuts
   Dis:7: 2224 daAuts
Depths:1: 1788 daAuts
Depths:2: 1712 daAuts
Vaults:2: 1624 daAuts
 Snake:4: 1549 daAuts
Vaults:4: 1502 daAuts
   Elf:3: 1490 daAuts
    D:10: 1450 daAuts
Depths:4: 1421 daAuts
Vaults:1: 1368 daAuts
Vaults:3: 1345 daAuts
   Geh:7: 1315 daAuts
   Coc:7: 1314 daAuts
Depths:3: 1298 daAuts
